 Dungeon Crawl Stone Soup version 0.30-a0-953-g5f1da4a474 (webtiles) character file.

Game seed: 2755574333135290447

1829 cforsyth the Basher (level 9, -5/64 (74) HPs)
             Began as a Formicid Fighter on Mar 28, 2023.
             Was an Initiate of Ru.
             Slain by a wight
             ... wielding a +5 short sword of freezing
              (8 damage)
             ... on level 6 of the Dungeon.
             The game lasted 00:07:09 (5829 turns).

cforsyth the Basher (Formicid Fighter)              Turns: 5829, Time: 00:07:10

HP:   -5/64 (74)    AC:  9    Str: 24    XL:     9   Next: 32%
MP:   9/9           EV: 10    Int:  9    God:    Ru [......]
Gold: 274           SH: 10    Dex: 13    Spells: 8/8 levels left

rFire   + . .      SeeInvis +    o - +4 morningstar
rCold   + . .      Faith    .    c - +0 buckler
rNeg    . . .      Spirit   .    u - +4 ring mail of Divine Compulsion {rElec rF+ Will+}
rPois   .          Reflect  +    (helmet unavailable)
rElec   +          Rampage  .    (no cloak)
rCorr   .                        (no gloves)
Will    +....                    (no boots)
Stlth   +                        B - amulet of reflection
HPRegen 0.30/turn                E - ring of protection from cold
MPRegen 0.11/turn                (no ring)

@: brilliant, heavily drained
A: permanent stasis, dig shafts and tunnels, antennae 3, four strong arms
a: Dig, Shaft Self, Renounce Religion


You were on level 6 of the Dungeon.
You worshipped Ru.
Ru was noncommittal.
You visited 2 branches of the dungeon, and saw 8 of its levels.

You collected 274 gold pieces.

Inventory:

Hand Weapons
 a - a +0 flail
 o - a +4 morningstar (weapon)
 x - a +0 dire flail of holy wrath
Missiles
 G - a throwing net
Armour
 b - a +0 scale mail
 c - a +0 buckler (worn)
 l - a +0 plate armour
 u - the +4 ring mail of Divine Compulsion (worn) {rElec rF+ Will+}
   (You found it on level 3 of the Dungeon)

   rF:        It protects you from fire.
   rElec:     It insulates you from electricity.
   Will:      It increases your willpower.
Jewellery
 B - an amulet of reflection (around neck)
 D - a ring of fire
 E - a ring of protection from cold (left hand)
Wands
 F - a wand of light (10)
 H - a wand of paralysis (10)
Scrolls
 e - 2 scrolls of teleportation {unknown}
 f - 3 scrolls of magic mapping
 h - 2 scrolls of poison {unknown}
 j - 4 scrolls of fear
 k - 2 scrolls of fog {unknown}
 m - a scroll of amnesia {unknown}
 n - a scroll of torment {unknown}
 w - a scroll of enchant armour {unknown}
 y - a scroll of noise {unknown}
 z - a scroll of acquirement {unknown}
 A - a scroll of blinking {unknown}
Potions
 d - a potion of might
 g - a potion of curing
 i - 2 potions of cancellation
 q - a potion of ambrosia
 r - a potion of attraction {unknown}
 s - a potion of invisibility {unknown}
 v - a potion of brilliance
 C - 2 potions of lignification {unknown}


   Skills:
 + Level 8.0 Fighting
 * Level 9.6 Maces & Flails
 - Level 3.2 Armour
 - Level 4.0 Shields


You had 8 spell levels left.
You didn't know any spells.
Your spell library contained the following spells:

 Spells                   Type           Power      Damage    Failure   Level
 Sting                    Tmut/Pois      0%         1d3       58%         1
 Poisonous Vapours        Pois/Air       0%         N/A       75%         2
 Olgreb's Toxic Radiance  Pois           0%         N/A       100%        4
 Iskenderun's Battlesphe  Conj           0%         2d6       100%        5
 Iron Shot                Conj/Erth      0%         9d1       100%        6
 Spellforged Servitor     Conj/Summ      0%         N/A       100%        7
 Borgnjor's Revivificati  Necr           0%         N/A       100%        8
 Necromutation            Tmut/Necr      0%         N/A       100%        8
 Death's Door             Necr           0%         N/A       100%        9


Dungeon Overview and Level Annotations

Branches:
Dungeon (7/15)             Temple (1/1) D:5

Altars:
Ashenzari
Cheibriados
Fedhas
Hepliaklqana
Kikubaaqudgha
Nemelex Xobeh
Ru
Sif Muna
Uskayaw
Vehumet
Wu Jian
Yredelemnul
The Shining One

Shops:
D:5 [[[:


Innate Abilities, Weirdness & Mutations

You cannot be hasted, slowed, berserked, paralysed or teleported.
You can dig through walls and to a lower floor.
You have a pair of large antennae on your head. (SInv)
Your four strong arms can wield two-handed weapons with a shield.


Message History

The wight freezes you. You block the wight's attack.
You closely miss the wight.
The wight is heavily damaged.
The wight completely misses you. You block the wight's attack.
You closely miss the wight.
The wight is heavily damaged.
You block the wight's attack.
The wight hits you with a +3 long sword!
You are too injured to fight recklessly!
You are too injured to fight recklessly!
You are too injured to fight recklessly!
You are too injured to fight recklessly!
You are too injured to fight recklessly!
You are too injured to fight recklessly!
You are too injured to fight recklessly!
You block the wight's attack. You block the wight's attack.
The wight attacks as you move away!
The wight hits you with a +3 long sword!
You feel drained. The wight attacks as you move away!
The wight hits you with a +5 short sword of freezing.
* * * LOW HITPOINT WARNING * * *
You feel drained. The wight freezes you.
* * * LOW HITPOINT WARNING * * *
You hit the wight.
The wight is severely damaged.
You block the wight's attack.
You barely miss the wight.
The wight is severely damaged.
The wight hits you with a +5 short sword of freezing!
* * * LOW HITPOINT WARNING * * *
You feel drained.
* * * LOW HITPOINT WARNING * * *
It was a potion of brilliance.
You feel clever all of a sudden. The wight misses you.
It was a potion of magic.
Magic courses through your body.
The wight hits you with a +5 short sword of freezing!
You die...

### #.####### #.zz@...#
######## ###########.#####.###
#......#
#.............#.....###......#
#.#########>[................#
#.####### ##..#####.###..#####
#....(..# ##...###.# ##.#
#######.#####.#..##)# #.#
#.#.....##....# #.#
#.#.....+.....####.######


You could see 2 wights.

Vanquished Creatures
  Eustachio (D:4)
  A steam dragon (D:5)
  Menkaure (D:6)
  Edmund (D:4)
  An orc warrior (D:6)
  A sky beast (D:7)
  3 ice beasts
  A kobold brigand (D:4)
  Blork the orc (D:6)
  A scorpion (D:6)
  A wight (D:6)
  2 jellies
  An orc priest (D:6)
  2 hounds
  2 sleepcaps (D:6)
  3 iguanas
  4 orc wizards
  4 gnolls
  6 adders
  A shadow imp (D:5)
  A white imp (D:7)
  2 ufetubi
  5 worms
  5 dart slugs
  8 orcs
  3 bats
  8 endoplasms
  A giant cockroach (D:1)
  6 goblins
  8 hobgoblins
  7 jackals
  8 kobolds
  4 quokkas
  10 ball pythons
  3 frilled lizards
  10 rats
127 creatures vanquished.

Notes
Turn   | Place    | Note
-------+----------+-------------------------------------------
     0 | D:1      | cforsyth the Formicid Fighter began the quest for the Orb.
     0 | D:1      | Reached XP level 1. HP: 18/18 MP: 1/1
   312 | D:1      | Reached XP level 2. HP: 24/24 MP: 2/2
   505 | D:1      | Reached XP level 3. HP: 29/30 MP: 3/3
   508 | D:1      | Reached skill level 3 in Maces & Flails
  1097 | D:2      | Reached XP level 4. HP: 37/37 MP: 4/4
  1818 | D:3      | Reached skill level 4 in Maces & Flails
  1872 | D:3      | Identified the +4 ring mail of Divine Compulsion {rElec rF+
                  | Will+}
  1889 | D:3      | Reached XP level 5. HP: 42/42 MP: 5/5
  2199 | D:4      | Noticed Edmund
  2212 | D:4      | Killed Edmund
  2213 | D:4      | Reached skill level 5 in Fighting
  2213 | D:4      | Reached skill level 5 in Maces & Flails
  2213 | D:4      | Reached XP level 6. HP: 10/51 MP: 6/6
  2747 | D:4      | Found a sparkling altar of Nemelex Xobeh.
  2752 | D:4      | Found a glowing golden altar of the Shining One.
  2872 | D:4      | Found a snail-covered altar of Cheibriados.
  2992 | D:4      | Found an ornate altar of the Wu Jian Council.
  3259 | D:4      | Reached XP level 7. HP: 49/56 MP: 7/7
  3289 | D:4      | Noticed Eustachio
  3312 | D:4      | Killed Eustachio
  3313 | D:4      | Reached skill level 6 in Maces & Flails
  3499 | D:5      | Entered Level 5 of the Dungeon
  3533 | D:5      | Noticed a steam dragon
  3546 | D:5      | Killed a steam dragon
  3547 | D:5      | Reached skill level 7 in Maces & Flails
  3547 | D:5      | Reached XP level 8. HP: 27/64 MP: 8/8
  3679 | D:5      | Found Kaecu's Book Shoppe.
  3798 | D:5      | Found Ykkiz's Armour Boutique.
  3827 | D:5      | Found Qutaus's Antique Armour Shop.
  3986 | D:5      | Found a radiant altar of Vehumet.
  4235 | D:5      | Found Hauc Coodgh's Armour Boutique.
  4336 | D:5      | Found Fuedayla's Antique Armour Emporium.
  4337 | D:5      | Found a staircase to the Ecumenical Temple.
  4346 | Temple   | Entered the Ecumenical Temple
  4439 | Temple   | Became a worshipper of Ru the Awakened
  4632 | D:6      | Reached skill level 8 in Maces & Flails
  4694 | D:6      | Noticed Menkaure
  4705 | D:6      | Killed Menkaure
  5035 | D:6      | Noticed Blork the orc
  5041 | D:6      | Killed Blork the orc
  5042 | D:6      | Reached XP level 9. HP: 62/72 MP: 9/9
  5161 | D:6      | Reached skill level 9 in Maces & Flails
  5827 | D:6      | HP: 2/64 [wight/+5 short sword of freezing (6)]
  5829 | D:6      | Slain by a wight

Illustrated notes

Levels and vault maps discovered:
D:1:      grunt_arrival_lava_bath, layout_loops_corners, minmay_3d_cube
D:2:      layout_rooms, nicolae_underground_beach
D:3:      layout_rooms, hangedman_decor_clover_reticule
D:4:      minmay_chambers_of_twos, layout_basic, mainiacjoe_overflow_two_lobes,
          mainiacjoe_overflow_catwalk_spiral, hangedman_decor_peaks_small,
          uniq_edmund, uniq_eustachio
D:5:      layout_cave_pods, lemuel_doored_altar, temple_statues, serial_shops,
          shop, nicolae_diamond_shop, nicolae_shop_statue_plus,
          nicolae_diamond_shop, shop, grunt_ministairs_9,
          amcnicky_mini_rare_corridor_liquid, minmay_crystal_room
D:6:      layout_basic, uniq_menkaure, uniq_blork_the_orc
D:7:      layout_basic, enter_bailey_5, nzn_ghost_randoct
Temple:   dpeg_chambers_temple

Skill      XL: |  1  2  3  4  5  6  7  8  9 |
---------------+----------------------------+-----
Maces & Flails | 3 4 5 7 8 9 |  9.6
Fighting       | 4 5 6 7 8 |  8.0
Armour         | |  3.2
Shields        | |  4.0

Action                     |  1- 3 |  4- 6 |  7- 9 || total
---------------------------+-------+-------+-------++-------
  Melee: Flail             |    99 |   109 |       ||   208
         Dire flail        |       |    43 |   199 ||   242
         Morningstar       |       |       |     7 ||     7
    Use: Scroll            |       |       |     6 ||     6
         Potion            |       |       |     2 ||     2
   Stab: Held in net/web   |       |       |     1 ||     1
 Armour: Scale mail        |    51 |    15 |       ||    66
         Plate armour      |       |    23 |       ||    23
         Ring mail         |       |    32 |    55 ||    87
  Dodge: Dodged            |    46 |    67 |    70 ||   183
  Block: Buckler           |    26 |    33 |    83 ||   142
         Reflection        |       |       |     3 ||     3

Table legend: (Time is in decaauts)
 A = Elapsed time spent in this place.
 B = Non-inter-level travel time spent in this place.
 C = Inter-level travel time spent in this place.
 D = Time resting spent in this place.
 E = Time spent auto-exploring this place.
 F = Levels seen in this place.
 G = Mean time per level.
                   A        B        C        D        E       F      G
               +--------+--------+--------+--------+--------+-----+--------+
         Total |   5874 |   5772 |    102 |    261 |   4434 |   8 |  734.2 |
       Dungeon |   5753 |   5678 |     75 |    261 |   4359 |   7 |  821.9 |
        Temple |    120 |     93 |     27 |      0 |     75 |   1 |  120.0 |
               +--------+--------+--------+--------+--------+-----+--------+

Top non-repeatable levels by time:
     D:4: 1483 daAuts
     D:6: 1156 daAuts
     D:1: 938 daAuts
     D:5: 889 daAuts
     D:2: 672 daAuts
     D:3: 569 daAuts
  Temple: 120 daAuts
     D:7: 43 daAuts
